Map: Автоматон РВ

Players

Murena

  • Race: Terran Terran
  • Spawn Location: 9:00

ИИ 1 (эксперт) - Winner!

  • Race: Zerg Zerg
  • Spawn Location: 3:00

VOD

Have the link to the VOD?

Description

Time

  • Played on: Feb. 8, 2019, 12:37 p.m.
  • Length: 10:04
Show
View Real Time Build Order
Export as new Build Order

Murena Terran 

Build Orders:  

Get SALT Encoding   

  12  0:00  SCV  
  13  0:12  SCV  
  14  0:20  Supply Depot  
  14  0:25  SCV  
  15  0:40  Refinery  
  15  0:44  Barracks  
  15  0:46  SCV  
  16  0:58  Barracks  
  16  1:02  SCV  
  17  1:15  SCV  
  18  1:27  SCV  
  18  1:29  Supply Depot  
  18  1:30  Marine  
  20  1:39  SCV  
  21  1:44  Factory  
  21  1:46  Marine  
  22  1:50  Marine  
  23  1:54  SCV  
  24  2:05  Marine  
  25  2:09  Engineering Bay  
  25  2:11  Barracks Tech Lab  
  25  2:20  Orbital Command  
  25  2:23  Marine  
  25  2:28  Factory Tech Lab  
  26  2:34  Marauder  
  28  2:44  Supply Depot  
  28  2:45  Barracks Reactor  
  28  2:53  Widow Mine  
  28  2:57  SCV  
  31  3:01  Missile Turret  
  31  3:06  Marauder  
  31  3:10  SCV  
  31  3:11  Refinery  
  34  3:16  Hellion  
  36  3:22  Marine x2  
  36  3:26  Supply Depot  
  38  3:27  SCV  
  39  3:37  Terran Infantry Weapons Level 1  
  39  3:49  Supply Depot  
  39  3:50  Marine x2  
  39  3:51  Marauder, Concussive Shells  
  44  3:55  SCV  
  44  4:08  Siege Tank  
  47  4:12  Marine x2  
  47  4:14  Marauder  
  51  4:19  Supply Depot  
  51  4:22  SCV  
  52  4:34  Combat Shield  
  54  4:52  Command Center  
  54  4:53  Marauder  
  54  4:55  SCV  
  54  4:57  Marine  
  56  5:03  Siege Tank  
  59  5:09  SCV  
  59  5:12  Marine  
  63  5:14  Marauder  
  63  5:19  Supply Depot  
  63  5:28  Starport  
  63  5:40  Terran Infantry Armor Level 1  
  63  5:41  SCV  
  63  5:42  Marine x2  
  66  5:44  Marauder  
  68  5:51  Supply Depot  
  68  5:54  SCV  
  69  6:03  Marine x2  
  71  6:04  Engineering Bay  
  71  6:06  Starport Reactor  
  71  6:10  Marauder  
  73  6:15  SCV  
  74  6:21  Orbital Command  
  74  6:29  SCV  
  74  6:30  Bunker  
  75  6:34  Stimpack  
  75  6:43  Armory  
  75  6:46  SCV, Refinery  
  76  6:48  SCV  
  76  6:52  Missile Turret  
  77  6:55  Medivac  
  77  6:58  SCV  
  77  7:00  SCV  
  81  7:04  Marine x2  
  83  7:08  Supply Depot  
  83  7:12  SCV  
  83  7:13  SCV  
  85  7:16  Refinery, Medivac  
  85  7:19  Marauder  
  89  7:26  SCV  
  90  7:31  Siege Tank  
  90  7:35  SCV  
  94  7:38  Barracks  
  94  7:42  SCV  
  95  7:47  Marine x2  
  95  7:49  Marauder  
  99  7:54  SCV x2  
  99  7:55  Supply Depot  
Show
View Real Time Build Order
Export as new Build Order

ИИ 1 (эксперт) Zerg - Winner!

Build Orders: Pool First 

Get SALT Encoding   

  12  0:00  Drone  
  13  0:12  Overlord  
  13  0:17  Drone  
  14  0:30  Drone  
  14  0:31  Drone  
  16  0:44  Spawning Pool  
  16  0:46  Drone  
  16  0:50  Drone  
  17  1:14  Hatchery  
  17  1:16  Drone  
  17  1:20  Extractor  
  17  1:21  Drone  
  17  1:25  Drone  
  18  1:29  Drone  
  19  1:38  Overlord  
  19  1:49  Drone  
  19  1:51  Queen  
  22  2:00  Zergling x2  
  23  2:10  Drone  
  24  2:21  Drone  
  25  2:26  Queen  
  25  2:27  Roach Warren  
  25  2:29  Drone  
  27  2:35  Extractor  
  26  2:39  Drone  
  27  2:45  Overlord  
  27  2:49  Drone  
  28  2:52  Drone  
  28  2:55  Drone  
  28  2:58  Drone  
  31  3:02  Drone  
  31  3:05  Zergling x2  
  33  3:09  Zergling x2  
  34  3:14  Roach  
  34  3:18  Roach  
  38  3:21  Roach  
  38  3:25  Roach  
  42  3:28  Drone  
  42  3:31  Drone  
  44  3:36  Overlord  
  44  3:44  Lair  
  44  3:48  Metabolic Boost  
  44  3:53  Overlord  
  44  3:55  Drone  
  45  3:58  Drone  
  45  4:00  Drone  
  47  4:03  Zergling x2  
  47  4:05  Zergling x2  
  47  4:07  Zergling x2  
  50  4:14  Evolution Chamber, Drone  
  50  4:19  Evolution Chamber  
  50  4:20  Drone  
  50  4:22  Drone  
  51  4:24  Drone  
  51  4:27  Drone  
  51  4:28  Drone  
  54  4:41  Zerg Missile Weapons Level 1  
  54  4:44  Zerg Ground Armor Level 1  
  54  4:47  Hydralisk Den, Drone  
  54  4:49  Overlord  
  54  4:53  Roach  
  54  4:56  Roach  
  57  5:08  Overlord, Drone x3  
  57  5:10  Drone  
  57  5:12  Drone  
  63  5:14  Drone  
  63  5:15  Drone  
  63  5:17  Hydralisk  
  63  5:18  Drone  
  67  5:25  Hydralisk  
  67  5:26  Drone  
  67  5:27  Overlord  
  70  5:28  Drone  
  70  5:33  Drone  
  72  5:39  Infestation Pit  
  72  5:40  Drone  
  72  5:45  Roach, Zergling x4  
  72  5:46  Overlord  
  72  5:49  Roach  
  78  5:52  Roach  
  80  6:00  Extractor, Roach  
  80  6:03  Extractor, Drone  
  81  6:04  Drone  
  81  6:06  Overlord  
  81  6:10  Zergling x4  
  84  6:12  Baneling Nest  
  84  6:13  Drone  
  84  6:14  Evolution Chamber, Drone  
  84  6:17  Infestor  
  86  6:23  Hatchery, Drone  
  86  6:24  Drone  
  87  6:25  Drone  
  87  6:28  Drone  
  87  6:31  Overlord  
  89  6:35  Drone  
  90  6:40  Infestor, Drone x2  
  90  6:43  Zerg Melee Weapons Level 1  
  94  6:48  Ravager  
  94  6:50  Overlord  
  94  6:51  Roach  
  97  6:57  Baneling x3, Zergling x2  
  97  6:58  Baneling, Zergling x2  
  97  7:00  Baneling  
  99  7:02  Baneling, Zergling x2  
  100  7:09  Ravager  
  101  7:16  Overlord, Roach  
  101  7:17  Overlord, Overseer  
  101  7:20  Hydralisk  
  105  7:25  Hydralisk  
  107  7:36  Drone x4  
  107  7:37  Drone x4  
  112  7:43  Infestor, Roach, Drone  
  112  7:44  Drone  
  121  7:45  Drone  
  121  7:47  Overlord, Drone x2  
  121  7:48  Drone  
  121  7:49  Extractor  
  124  7:56  Baneling, Drone x2  
  126  7:59  Baneling, Drone  
  126  8:01  Baneling  
  126  8:05  Centrifical Hooks  
  127  8:06  Drone  
  127  8:07  Drone  
  127  8:09  Overlord  
  129  8:15  Drone, Zergling x4  
  129  8:17  Drone x2  
  134  8:20  Infestor, Zergling x2, Drone  
  134  8:22  Roach  
  134  8:25  Baneling  
  137  8:28  Zergling x2  
  137  8:29  Zergling x2  
  137  8:32  Zergling x2  
  126  8:37  Extractor  
  126  8:39  Roach, Baneling x2  
  126  8:40  Roach  
  104  8:43  Roach  
  104  8:46  Zergling x2, Drone  
  104  8:47  Roach, Baneling x2  
  100  8:50  Zergling x4  
  100  8:51  Zergling x6  
  100  8:54  Zergling x2  
  102  9:01  Roach  
  102  9:02  Zergling x2  
  99  9:05  Drone  
  99  9:08  Overseer  
  100  9:12  Infestor  
  100  9:16  Zergling x2  
  98  9:19  Hydralisk, Zergling x4  
  98  9:22  Hydralisk  
  98  9:23  Roach x2  
  101  9:24  Roach  
  101  9:27  Roach  
  96  9:35  Roach  
  96  9:36  Baneling x2  
  96  9:38  Roach  
  98  9:49  Hatchery  
  98  9:50  Drone  
Tags
 
Add a new tag
Caveats
  • Supply blocks, unpowered buildings, or Contaminate may cause inaccurate times.
  • Supply counts are checked every 10 seconds.